 Dungeon Crawl Stone Soup version 0.32-a0-460-gc8eefc90e7 (webtiles) character file.

Game seed: 15916293793653405885

40 Jannitor the Sneak (level 3, -1/30 HPs)
             Began as a Djinni Delver on Feb 24, 2024.
             Slain by a gnoll
             ... wielding a +0 flail
              (9 damage)
             ... on level 3 of the Dungeon.
             The game lasted 00:02:13 (208 turns).

Jannitor the Sneak (Djinni Delver)                   Turns: 208, Time: 00:02:14

Health: -1/30      AC:  4    Str: 11    XL:     3   Next: 72%
Gold:   0          EV: 12    Int: 13    God:
                   SH:  0    Dex: 14

rFire   + + .        a - +0 short sword
rCold   x . .        (no shield)
rNeg    . . .        b - +0 leather armour
rPois   ∞            i - +1 hat
rElec   .            (no cloak)
rCorr   .            (no gloves)
SInv    .            (boots unavailable)
Will    .....        (no amulet)
Stlth   ++           (no ring)
HPRegen 0.25/turn    (no ring)
MPRegen 0.00/turn

%: infuse magic (-2 HP)
@: flying, very slightly contaminated, hasted, very quick
A: sickness immunity, fire resistance 2, cold vulnerability 1, float, innate
caster, HP casting, extra vitality 1
a: no special abilities


You were on level 3 of the Dungeon.
You visited 1 branch of the dungeon, and saw 3 of its levels.

Inventory:

Hand Weapons
 a - a +0 short sword (weapon)
Missiles
 h - 2 poisoned darts (quivered)
Armour
 b - a +0 leather armour (worn)
 i - a +1 hat (worn)
Wands
 g - a wand of digging (2)
Scrolls
 c - a scroll of fog
 d - a scroll of enchant armour {unknown}
 e - a scroll of fear
Potions
 j - a potion of cancellation {unknown}


   Skills:
 + Level 3.3 Fighting
 + Level 2.2 Short Blades
 + Level 2.8 Dodging
 + Level 4.3 Stealth


You knew the following spells:

 Your Spells              Type           Power      Damage    Failure   Level
a - Sandblast             Erth           0%         2d4       38%         1
Your spell library was empty.

Dungeon Overview and Level Annotations

Branches:
Dungeon (5/15)             Temple (0/1) D:4

Altars:

Shops:
D:4 [

Annotations:
D:4 exclusion: adder


Innate Abilities, Weirdness & Mutations

You are immune to sickness and miasma.
You are immune to poison.
Your flesh is very heat resistant. (rF++)
You are vulnerable to cold. (rC-)
You float through the air rather than walking.
You learn spells naturally, not from books.
Your magical power is your life essence.
You have superior vitality. (+4 MHP)


Message History

You hear the hiss of flowing sand.
There is an entrance to an ossuary on this level.
Hurry and find it before the portal is buried!
Level annotation: exclusion: adder You hear the hiss of an avalanche of sand nearby.
The gnoll closely misses you. The gnoll hits you with a +0 flail!
There is a stone staircase leading up here.
Unknown command.
The gnoll barely misses you.
You fly upwards.
There is a stone staircase leading down here.
Unknown command.
Casting: Sandblast (safe; 38% risk of failure)
Confirm with . or Enter, or press ? or * to list all spells.
Aiming: Sandblast (safe; 38% risk of failure)
Press: ? - help, Shift-Dir - straight line, f - gnoll
Aim: a gnoll, wielding a +0 flail (83% to hit)
You miscast Sandblast.
You are very lightly contaminated with residual magic.
Nothing appears to happen.
The gnoll barely misses you.
Unknown command.
Casting: Sandblast (safe; 38% risk of failure)
Confirm with . or Enter, or press ? or * to list all spells.
Aiming: Sandblast (safe; 38% risk of failure)
Press: ? - help, Shift-Dir - straight line, f/p - gnoll
Aim: a gnoll, wielding a +0 flail (83% to hit)
You miscast Sandblast.
Nothing appears to happen.
The gnoll hits you with a +0 flail.
Unknown command.
You hit the gnoll.
The gnoll is lightly wounded.
The gnoll hits you with a +0 flail.
You closely miss the gnoll.
The gnoll is lightly wounded.
The gnoll hits you with a +0 flail!
* * * LOW HITPOINT WARNING * * *
The gnoll closely misses you.
Things that are here:
a +0 flail; a gnoll corpse You feel yourself speed up.
The gnoll hits you with a +0 flail!
You die...

+# .# .#
#####.####<.
#>@.........
#g###.#####.
#..# .#
#...#.#
#.#....
#.###.## #.#
.# #.# .#
#.#


You could see a gnoll.

Vanquished Creatures
  A jelly (D:4)
  A gnoll (D:3)
  A giant cockroach (D:3)
3 creatures vanquished.

Notes
Turn   | Place    | Note
-------+----------+-------------------------------------------
     0 | D:5      | Jannitor the Djinni Delver began the quest for the Orb.
     0 | D:5      | Reached XP level 1. HP: 20/20 MP: 0/0
    36 | D:4      | Noticed a jelly
    38 | D:4      | Found Iveh's Antique Armour Emporium.
    44 | D:4      | Killed a jelly
    45 | D:4      | Reached XP level 2. HP: 24/25 MP: 0/0
    45 | D:4      | Reached XP level 3. HP: 28/30 MP: 0/0
    45 | D:4      | Learned a level 1 spell: Sandblast
   208 | D:3      | Slain by a gnoll

Illustrated notes

Levels and vault maps discovered:
D:3:      layout_basic, gammafunk_ghost_stat_death,
          dilly_ecumenical_altar_fadedgnrine, uniq_grinder
D:4:      layout_basic, minmay_temple_entry_stoned_glass,
          lightli_ossuary_entry_decrepit_ruins, serial_shops,
          nicolae_shop_waterfront
D:5:      wad_woods_tower, layout_basic, chequers_serial_rivers_small_a

Skill      XL: |  1 |
---------------+----+-----
Short Blades   | 2 |  2.2
Fighting       | |  3.3
Dodging        | |  2.8
Stealth        | |  4.3

Action                     || total
---------------------------++-------
  Melee: Short sword       ||    15
  Evoke: Wand              ||     1
    Use: Scroll            ||     1
         Potion            ||     1
   Stab: Sleeping          ||     2
 Armour: Leather armour    ||    12
  Dodge: Dodged            ||     7

Table legend: (Time is in decaauts)
 A = Elapsed time spent in this place.
 B = Non-inter-level travel time spent in this place.
 C = Inter-level travel time spent in this place.
 D = Time resting spent in this place.
 E = Time spent auto-exploring this place.
 F = Levels seen in this place.
 G = Mean time per level.
                   A        B        C        D        E       F      G
               +--------+--------+--------+--------+--------+-----+--------+
         Total |    206 |    206 |      0 |     56 |     17 |   3 |   68.7 |
       Dungeon |    206 |    206 |      0 |     56 |     17 |   3 |   68.7 |
               +--------+--------+--------+--------+--------+-----+--------+

Top non-repeatable levels by time:
     D:3: 92 daAuts
     D:4: 87 daAuts
     D:5: 27 daAuts
